 Dungeon Crawl Stone Soup version 0.29.1-12-g30fa7ad0bf (webtiles) character file.

Game seed: 8169230716703772815

6973 wormed the Nimble (level 11, -1/85 HPs)
             Began as a Gnoll Wanderer on Dec 27, 2022.
             Was a Follower of Ashenzari.
             Engulfed by a cloud of flame (6 damage)
             ... in a volcano.
             The game lasted 00:28:18 (16157 turns).

wormed the Nimble (Gnoll Wanderer)                 Turns: 16157, Time: 00:28:18

Health: -1/85      AC:  7    Str: 10    XL:     11   Next: 8%
Magic:  23/23      EV: 18    Int: 13    God:    Ashenzari [*.....]
Gold:   457        SH:  0    Dex: 18    Spells: 18/26 levels left

rFire   + . .      SeeInvis .   B - +0 quick blade (elec)
rCold   . . .      Faith    .   (no shield)
rNeg    . . .      Spirit   .   e - +0 leather armour of Ashenzari's Oracle {Cun, Fort} (curse)
rPois   .          Reflect  .   (helmet restricted)
rElec   .          Harm     .   y - +2 cloak "Sidereal Fetters" {rCorr, Alch, Cun} (curse)
rCorr   +          Rampage  .   (no gloves)
Will    +....                   (no boots)
Stlth   ++++......              (no amulet)
HPRegen 0.24/turn               p - ring of willpower
MPRegen 0.18/turn               t - ring of protection from fire

@: no status effects
A: fangs 1, strong nose, distributed training, antennae 1, agile 1, noise
suppression
a: Renounce Religion, Curse Item, Shatter the Chains


You were in a volcano.
You worshipped Ashenzari.
Ashenzari was aware of your devotion.
You visited 2 branches of the dungeon, and saw 10 of its levels.
You also visited: Volcano.

You collected 659 gold pieces.
You spent 202 gold pieces at shops.

Inventory:

Hand Weapons
 a - a +0 dagger
 h - a +0 whip
 m - a +5 scythe of venom
 q - a +0 broad axe
 B - a +0 quick blade of electrocution (weapon)
Missiles
 b - 3 throwing nets
 n - 39 poisoned darts
 G - 6 javelins
 L - a curare-tipped dart
Armour
 e - the cursed +0 leather armour of Ashenzari's Oracle (worn) {Cun, Fort}

   It has a curse which improves the following skills: Cunning: Dodging and
   Stealth.
   Fortitude: Armour and Shields.
 y - the cursed +2 cloak "Sidereal Fetters" (worn) {rCorr, Alch, Cun}
   (You bought it in a shop on level 3 of the Dungeon)

   It has a curse which improves the following skills: Alchemy: Poison Magic and
   Transmutations.
   Cunning:   Dodging and Stealth.
Magical Staves
 x - a staff of earth
Jewellery
 p - a ring of willpower (left hand)
 t - a ring of protection from fire (right hand)
 u - a ring of poison resistance
Wands
 c - a wand of digging (4)
 E - a wand of flame (39)
 J - a wand of charming (13)
 K - a wand of roots (8)
Scrolls
 d - 4 scrolls of vulnerability
 i - a scroll of brand weapon
 j - 5 scrolls of identify
 k - 2 scrolls of immolation
 l - 2 scrolls of magic mapping
 r - 4 scrolls of enchant armour
 v - a scroll of teleportation (quivered)
 z - 3 scrolls of blinking
 C - a scroll of amnesia
 M - a scroll of silence
Potions
 f - 7 potions of attraction
 g - 6 potions of lignification
 o - a potion of invisibility
 s - 3 potions of flight
 A - 4 potions of mutation
 D - 3 potions of curing
 F - a potion of brilliance
 H - a potion of berserk rage
 N - a potion of haste


   Skills:
 + Level 7.7 Fighting
 + Level 6.1 Short Blades
 + Level 6.1 Long Blades
 + Level 6.1 Axes
 + Level 6.1 Maces & Flails
 + Level 6.1 Polearms
 + Level 6.1 Staves
 + Level 6.1 Ranged Weapons
 + Level 6.1 Throwing
 + Level 6.1(7.0) Armour
 + Level 9.1(10.4) Dodging
 + Level 6.1(7.5) Stealth
 + Level 6.1(7.0) Shields
 + Level 6.1 Unarmed Combat
 + Level 8.0 Spellcasting
 + Level 5.1 Conjurations
 + Level 5.1 Hexes
 + Level 5.1 Summonings
 + Level 5.1 Necromancy
 + Level 5.1 Translocations
 + Level 5.6(6.4) Transmutations
 + Level 5.1 Fire Magic
 + Level 5.1 Ice Magic
 + Level 5.1 Air Magic
 + Level 5.1 Earth Magic
 + Level 5.1(5.9) Poison Magic
 + Level 7.3 Invocations
 + Level 6.7 Evocations


You had 18 spell levels left.
You knew the following spells:

 Your Spells              Type           Power      Damage    Failure   Level
a - Foxfire               Conj/Fire      72%        2x1d7     2%          1
b - Beastly Appendage     Tmut           44%        N/A       1%          1
c - Wereblood             Tmut           22%        N/A       1%          2
d - Summon Ice Beast      Ice/Summ       18%        N/A       22%         4

Your spell library contained the following spells:

 Spells                   Type           Power      Damage    Failure   Level
 Spider Form              Tmut/Pois      21%        N/A       4%          3
 Conjure Flame            Conj/Fire      18%        6-21      6%          3
 Frozen Ramparts          Ice            36%        1d6       6%          3
 Inner Flame              Hex/Fire       18%        N/A       6%          3
 Ice Form                 Ice/Tmut       20%        N/A       16%         4
 Flame Wave               Conj/Fire      18%        2d7       22%         4
 Summon Lightning Spire   Summ/Air       18%        N/A       22%         4
 Iskenderun's Battlesphe  Conj           18%        2d7       52%         5
 Iron Shot                Conj/Erth      9%         9d3       97%         6
 Spellforged Servitor     Conj/Summ      9%         N/A       100%        7
 Storm Form               Tmut/Air       10%        N/A       100%        7
 Maxwell's Capacitive Co  Air            9%         ∞         100%        8


Dungeon Overview and Level Annotations

Branches:
Dungeon (9/15)             Temple (0/1) D:5            Lair (1/5) D:9
Volcano (1/1)
    Orc: D:9-12

Altars:
Ashenzari
Dithmenos
Elyvilon
Gozag
Kikubaaqudgha
Nemelex Xobeh
Qazlal
Sif Muna
Trog
Uskayaw
Zin

Shops:
D:3 [   D:6 !

Annotations:
Volcano exclusion: obsidian statue


Innate Abilities, Weirdness & Mutations

You have very sharp teeth.
Your uncanny sense of smell can sniff out nearby items.
Your experience applies equally to all skills.
You have a pair of small antennae on your head.
You are agile. (Dex +4, Str/Int -1)
You passively dampen the noise of your surroundings.


Message History

In the distance, the volcano erupts with a roar.
You start resting.
You start resting.
The air gets thick with the scent of sulphur.
You start resting.
In the distance, the volcano erupts with a roar.
You start resting.
The air gets thick with the scent of sulphur.
You start resting.
In the distance, the volcano erupts with a roar.
You start resting.
HP restored.
You are engulfed in blazing flames.
You resist.
You're standing in a cloud of flame!
You start resting.
You are engulfed in blazing flames.
You resist.
You're standing in a cloud of flame!
You are engulfed in blazing flames.
You resist.
A two-headed ogre and an obsidian statue come into view.
The two-headed ogre is wielding two +0 giant clubs of flaming.
Marking area around an obsidian statue as unsafe for travelling.
You start resting.
You are engulfed in blazing flames.
You resist.
You're standing in a cloud of flame!
Unknown command.
You're standing in a cloud of flame!
You are engulfed in blazing flames.
You resist.
You are engulfed in blazing flames.
You resist.
The air gets thick with the scent of sulphur.
You are engulfed in blazing flames.
You resist.
You are engulfed in blazing flames.
You resist.
* * * LOW HITPOINT WARNING * * *
You are engulfed in blazing flames.
You resist.
* * * LOW HITPOINT WARNING * * *
In the distance, the volcano erupts with a roar.
You start resting.
You are engulfed in blazing flames.
You resist.
* * * LOW HITPOINT WARNING * * *
You are engulfed in blazing flames.
You resist.
You die...

###########
#°#☼#☼#☼#≈# ∆∆∆
#°#☼#☼#☼#≈# ∆ ∆
#≈#☼#☼#≈#≈###
∆∆∆
#..@☼.☼...#8#
#.#≈#☼#≈#≈#..#
#.#≈#☼#☼#☼##.# ∆
..#☼#☼#☼#☼##.#
∆O8##########..#
### #........##
#### #+########
#.... #.# #.....
##.##


There were no monsters in sight!

Vanquished Creatures
  Maurice (D:8)
  Joseph (D:8)
  Sigmund (D:2)
  A wyvern (D:5)
  2 hogs (D:7)
  5 fire bats (Volcano)
  3 yaks
  A human (D:7)
  2 water moccasins
  Duvessa (D:6)
  2 orc warriors
  An ice beast (D:7)
  A sky beast (D:8)
  7 black bears
  2 ogres
  2 centaurs
  3 bullfrogs
  6 kobold brigands
  4 scorpions
  9 wights
  Dowan (D:6)
  10 killer bees
  4 howler monkeys
  3 hounds
  A gnoll bouda (D:7)
  A jelly (D:7)
  3 orc priests
  Jessica (D:3)
  8 orc wizards
  7 gnolls
  8 adders
  A white imp (D:7)
  An ufetubus (D:5)
  3 dart slugs
  15 orcs
  5 endoplasms
  A giant cockroach (D:2)
  9 goblins
  10 hobgoblins
  6 jackals
  2 quokkas
  8 ball pythons
  2 bats
  3 frilled lizards
  35 kobolds
  3 rats
206 creatures vanquished.

Vanquished Creatures (collateral kills)
  A fire bat (Volcano)
  A lava snake (Volcano)
  23 foxfires (D:9)
25 creatures vanquished.

Vanquished Creatures (others)
  137 foxfires
  31 fungi (D:9)
  29 plants (D:9)
197 creatures vanquished.

Grand Total: 428 creatures vanquished

Notes
Turn   | Place    | Note
-------+----------+-------------------------------------------
     0 | D:1      | wormed the Gnoll Wanderer began the quest for the Orb.
     0 | D:1      | wormed set off with the following items: a +0 dagger, 4
                  | throwing nets, a scroll of silence, a scroll of blinking, a
                  | +0 leather armour; and the following spell memorised:
                  | Beastly Appendage; and the following spells available to
                  | memorise: Spider Form.
     0 | D:1      | Reached XP level 1. HP: 20/20 MP: 6/6
   644 | D:1      | Found a faded altar of an unknown god.
   711 | D:1      | Reached XP level 2. HP: 26/26 MP: 7/7
   764 | D:1      | Reached skill level 5 in Spellcasting
   764 | D:1      | Reached XP level 3. HP: 22/31 MP: 7/9
  1213 | D:1      | Prayed at the altar of an unknown god.
  1213 | D:1      | Became a worshipper of Ashenzari the Shackled
  1639 | D:2      | Reached skill level 1 in Short Blades
  1639 | D:2      | Reached skill level 1 in Long Blades
  1639 | D:2      | Reached skill level 1 in Axes
  1639 | D:2      | Reached skill level 1 in Maces & Flails
  1639 | D:2      | Reached skill level 1 in Polearms
  1639 | D:2      | Reached skill level 1 in Staves
  1639 | D:2      | Reached skill level 1 in Ranged Weapons
  1639 | D:2      | Reached skill level 1 in Throwing
  1639 | D:2      | Reached skill level 1 in Armour
  1639 | D:2      | Reached skill level 1 in Stealth
  1639 | D:2      | Reached skill level 1 in Shields
  1639 | D:2      | Reached skill level 1 in Unarmed Combat
  1792 | D:2      | Reached XP level 4. HP: 17/38 MP: 11/11
  2111 | D:2      | Noticed Sigmund
  2384 | D:3      | Noticed Jessica
  2394 | D:3      | Killed Jessica
  2395 | D:3      | Reached skill level 1 in Conjurations
  2395 | D:3      | Reached skill level 1 in Hexes
  2395 | D:3      | Reached skill level 1 in Summonings
  2395 | D:3      | Reached skill level 1 in Necromancy
  2395 | D:3      | Reached skill level 1 in Translocations
  2395 | D:3      | Reached skill level 1 in Fire Magic
  2395 | D:3      | Reached skill level 1 in Ice Magic
  2395 | D:3      | Reached skill level 1 in Air Magic
  2395 | D:3      | Reached skill level 1 in Earth Magic
  2395 | D:3      | Reached skill level 1 in Poison Magic
  2757 | D:3      | Found a white marble altar of Elyvilon.
  2887 | D:3      | Found Ezxibru's Antique Armour Emporium.
  3036 | D:4      | Reached XP level 5. HP: 4/43 MP: 12/12
  3537 | D:4      | Noticed a black bear
  3567 | D:4      | Killed a black bear
  3568 | D:4      | Reached XP level 6. HP: 20/50 MP: 13/13
  4257 | D:4      | Found a stormy altar of Qazlal.
  4406 | D:4      | HP: 2/50 [scorpion (3)]
  4412 | D:4      | Reached skill level 5 in Fighting
  4896 | D:4      | Noticed a black bear
  4905 | D:4      | Killed a black bear
  4981 | D:3      | Bought a glowing cloak for 202 gold pieces
  5302 | D:2      | Killed Sigmund
  5303 | D:2      | Reached skill level 7 in Dodging
  5303 | D:2      | Reached XP level 7. HP: 6/56 MP: 15/15
  5304 | D:2      | HP: 2/56 [poisoned by Sigmund]
  5306 | D:2      | Gained mutation: You are agile. (Dex +4, Str/Int -1)
                  | [potion of mutation]
  5306 | D:2      | Gained mutation: You have a pair of small antennae on your
                  | head. [potion of mutation]
  5306 | D:2      | Gained mutation: You passively dampen the noise of your
                  | surroundings. [potion of mutation]
  5342 | D:2      | Identified the cursed +2 cloak "Sidereal Fetters" {rCorr,
                  | Alch, Cun} (You bought it in a shop on level 3 of the
                  | Dungeon)
  5773 | D:2      | Found a shimmering blue altar of Sif Muna.
  5781 | D:2      | Learned a level 1 spell: Foxfire
  5889 | D:5      | Entered Level 5 of the Dungeon
  5915 | D:5      | Reached * piety under Ashenzari
  5959 | D:5      | Found a shimmering blue altar of Sif Muna.
  6360 | D:5      | Found a staircase to the Ecumenical Temple.
  6362 | D:5      | Noticed a wyvern
  6372 | D:5      | Killed a wyvern
  6373 | D:5      | Reached XP level 8. HP: 45/63 MP: 16/16
  7120 | D:6      | Found a hide-covered altar of Uskayaw.
  7120 | D:6      | Noticed a +0 spear
  7120 | D:6      | Noticed a +0 dagger
  7120 | D:6      | Noticed a +0 falchion
  7121 | D:6      | Noticed a +0 short sword
  7122 | D:6      | Noticed a +0 dagger
  7122 | D:6      | Noticed a +0 short sword
  7123 | D:6      | Noticed a +0 falchion
  7123 | D:6      | Noticed a +0 spear
  7256 | D:6      | Found Riutieph's Distillery.
  7617 | D:6      | Found an ancient bone altar of Kikubaaqudgha.
  7659 | D:6      | Learned a level 2 spell: Wereblood
  8006 | D:6      | Noticed Duvessa
  8006 | D:6      | Noticed Dowan
  8017 | D:6      | Killed Duvessa
  8024 | D:6      | Killed Dowan
  8053 | D:6      | Found a glowing silver altar of Zin.
  8156 | D:6      | Reached skill level 5 in Invocations
  8238 | D:7      | Reached XP level 9. HP: 58/69 MP: 18/18
  8556 | D:7      | Reached skill level 5 in Evocations
  8875 | D:7      | Reached skill level 8 in Dodging
  9033 | D:7      | Found a bloodstained altar of Trog.
  9125 | D:7      | Found a sparkling altar of Nemelex Xobeh.
  9149 | D:7      | Found an opulent altar of Gozag.
 10600 | D:8      | Noticed Joseph
 10878 | D:8      | Killed Joseph
 10879 | D:8      | Reached skill level 5 in Short Blades
 10879 | D:8      | Reached skill level 5 in Long Blades
 10879 | D:8      | Reached skill level 5 in Axes
 10879 | D:8      | Reached skill level 5 in Maces & Flails
 10879 | D:8      | Reached skill level 5 in Polearms
 10879 | D:8      | Reached skill level 5 in Staves
 10879 | D:8      | Reached skill level 5 in Ranged Weapons
 10879 | D:8      | Reached skill level 5 in Throwing
 10879 | D:8      | Reached skill level 5 in Armour
 10879 | D:8      | Reached skill level 5 in Stealth
 10879 | D:8      | Reached skill level 5 in Shields
 10879 | D:8      | Reached skill level 5 in Unarmed Combat
 10879 | D:8      | Reached XP level 10. HP: 60/77 MP: 17/20
 11327 | D:8      | Found a shadowy altar of Dithmenos.
 11376 | D:8      | Noticed Maurice
 11563 | D:8      | Killed Maurice
 11564 | D:8      | Reached skill level 5 in Transmutations
 11896 | D:8      | Found a broken altar of Ashenzari.
 12172 | D:9      | Found a staircase to the Lair.
 14417 | Lair:1   | Entered Level 1 of the Lair of Beasts
 14422 | Lair:1   | Found a dark tunnel.
 14431 | Volcano  | Entered a volcano
 14460 | Volcano  | Reached skill level 9 in Dodging
 14488 | Volcano  | Reached skill level 5 in Conjurations
 14488 | Volcano  | Reached skill level 5 in Hexes
 14488 | Volcano  | Reached skill level 5 in Summonings
 14488 | Volcano  | Reached skill level 5 in Necromancy
 14488 | Volcano  | Reached skill level 5 in Translocations
 14488 | Volcano  | Reached skill level 5 in Fire Magic
 14488 | Volcano  | Reached skill level 5 in Ice Magic
 14488 | Volcano  | Reached skill level 5 in Air Magic
 14488 | Volcano  | Reached skill level 5 in Earth Magic
 14488 | Volcano  | Reached skill level 5 in Poison Magic
 14488 | Volcano  | Reached XP level 11. HP: 48/85 MP: 20/22
 15103 | Volcano  | Learned a level 4 spell: Summon Ice Beast
 16143 | Volcano  | Noticed a two-headed ogre
 16143 | Volcano  | Noticed an obsidian statue
 16157 | Volcano  | Engulfed by a cloud of flame

Illustrated notes

Levels and vault maps discovered:
D:1:      mushboom_english_gardens, layout_basic, ebering_ecumenical_altar_box,
          kennysheep_doodads, chequers_serial_rivers_micro_c,
          dreamdust_mushroom_princess
D:2:      layout_basic, basic_altar, uniq_sigmund
D:3:      cheibrodos_old_hovel, layout_basic, old_standard_altar, serial_shops,
          nicolae_shop_competitors_out_of_business, uniq_jessica
D:4:      layout_loops_corners, lemuel_doored_altar
D:5:      layout_basic, old_standard_altar, minmay_temple_entry_butterflies
D:6:      layout_basic, nicolae_uskayaw_en_pointe, lemuel_tele_altar,
          mainiacjoe_overflow_alcove_4, serial_shops, shop_fountains,
          uniq_duvessa
D:7:      layout_cave_pools, general_overflow_altar,
          nemelex_xobeh_ov_fountains_minmay, grunt_gozag_statues,
          grunt_livestock, kennysheep_generic_room_12
D:8:      layout_loops_cross, nicolae_dithmenos_through_a_glass_darkly,
          overflow_temple_1_default, enter_bailey_7, uniq_maurice, uniq_joseph
D:9:      layout_grid_maze, due_lair_maze_entry_diamond
Lair:1:   layout_regular_city, nicolae_volcano_entry_hallway
Volcano:  volcano_grotto [vgs_trial_by_fire]

Skill      XL: |  1  2  3  4  5  6  7  8  9 10 11 |
---------------+----------------------------------+-----
Transmutations | 2 3 4 5 |  5.6
Spellcasting   | 5 6 7 8 |  8.0
Short Blades   | 1 2 3 4 5 6 |  6.1
Long Blades    | 1 2 3 4 5 6 |  6.1
Axes           | 1 2 3 4 5 6 |  6.1
Maces & Flails | 1 2 3 4 5 6 |  6.1
Polearms       | 1 2 3 4 5 6 |  6.1
Staves         | 1 2 3 4 5 6 |  6.1
Ranged Weapons | 1 2 3 4 5 6 |  6.1
Throwing       | 1 2 3 4 5 6 |  6.1
Armour         | 1 2 3 4 5 6 |  6.1
Stealth        | 1 2 3 4 5 6 |  6.1
Shields        | 1 2 3 4 5 6 |  6.1
Unarmed Combat | 1 2 3 4 5 6 |  6.1
Conjurations   | 1 2 3 4 5 |  5.1
Hexes          | 1 2 3 4 5 |  5.1
Summonings     | 1 2 3 4 5 |  5.1
Necromancy     | 1 2 3 4 5 |  5.1
Translocations | 1 2 3 4 5 |  5.1
Fire Magic     | 1 2 3 4 5 |  5.1
Ice Magic      | 1 2 3 4 5 |  5.1
Air Magic      | 1 2 3 4 5 |  5.1
Earth Magic    | 1 2 3 4 5 |  5.1
Poison Magic   | 1 2 3 4 5 |  5.1
Invocations    | 3 4 5 6 7 |  7.3
Evocations     | 3 4 5 6 |  6.7
Fighting       | 5 6 7 |  7.7
Dodging        | 7 8 9 |  9.1

Action                   |  1- 3 |  4- 6 |  7- 9 | 10-12 || total
-------------------------+-------+-------+-------+-------++-------
Melee: Dagger            |    38 |       |       |       ||    38
       Bite              |    13 |    14 |    39 |    55 ||   121
       Kick              |     5 |       |    51 |       ||    56
       Whip              |   104 |    99 |       |       ||   203
       Headbutt          |     4 |       |       |       ||     4
       Staff             |       |    13 |       |       ||    13
       Quick blade       |       |     5 |   368 |   368 ||   741
       Punch             |       |     1 |    12 |    24 ||    37
       Halberd           |       |       |     6 |       ||     6
Throw: Dart              |       |    19 |       |       ||    19
       Throwing net      |       |     5 |       |       ||     5
 Cast: Beastly Appendage |     3 |     1 |    12 |       ||    16
       Foxfire           |       |       |    53 |    35 ||    88
       Wereblood         |       |       |     7 |    21 ||    28
       Summon Ice Beast  |       |       |       |     6 ||     6
Invok: Curse Item        |       |     1 |     1 |       ||     2
Evoke: Wand              |       |    19 |       |       ||    19
  Use: Scroll            |     1 |     1 |     2 |     3 ||     7
       Potion            |       |     3 |     9 |     4 ||    16
 Stab: Sleeping          |       |     2 |     7 |     5 ||    14
       Distracted        |       |       |       |     1 ||     1
Armor: Leather armour    |    43 |    33 |    75 |    61 ||   212
Dodge: Dodged            |   129 |   146 |   267 |   199 ||   741
